 Dungeon Crawl Stone Soup version 0.21.1-1-g345015fe64 (webtiles) character file.

1677 Lentor the Carver (level 8, -1/73 HPs)
             Began as a Minotaur Berserker on June 21, 2018.
             Was an Elder of Trog.
             Slain by Erica
             ... wielding a +4 scimitar of flaming
              (3 damage)
             ... on level 8 of the Dungeon.
             The game lasted 00:09:15 (6337 turns).

Lentor the Carver (Minotaur Berserker)              Turns: 6337, Time: 00:09:16

Health: -1/73      AC: 17    Str: 24    XL:     8   Next: 70%
Magic:  7/7        EV:  6    Int:  4    God:    Trog [****..]
Gold:   507        SH:  7    Dex: 10    Spells: 7/7 levels left

rFire    . . .     SeeInvis .   A - +0 long sword
rCold    + . .     Gourm    .   D - +0 shield
rNeg     . . .     Faith    .   x - +0 plate armour
rPois    .         Spirit   .   (helmet restricted)
rElec    .         Reflect  .   (no cloak)
rCorr    .         Harm     .   j - +2 pair of gloves
MR       .....                  n - +0 pair of boots
Stlth    ..........             (no amulet)
HPRegen  0.22/turn              y - ring of stealth
MPRegen  0.10/turn              z - ring of protection from cold

@: lethally poisoned (-1 -> -2), slowed, very slow
A: retaliatory headbutt, horns 2
a: Berserk, Trog's Hand, Brothers in Arms, Burn Spellbooks, Renounce Religion


You were on level 8 of the Dungeon.
You worshipped Trog.
Trog was greatly pleased with you.
You were near starving.

You visited 2 branches of the dungeon, and saw 9 of its levels.

You collected 507 gold pieces.

Inventory:

Hand Weapons
 A - a +0 long sword (weapon)
Armour
 j - a +2 pair of gloves (worn)
 n - a +0 pair of boots (worn)
 x - a +0 plate armour (worn)
 D - a +0 shield (worn)
Jewellery
 y - a ring of stealth (left hand)
 z - a ring of protection from cold (right hand)
Wands
 u - a wand of enslavement (9)
Scrolls
 f - 2 scrolls of fear {unknown}
 g - 3 scrolls of blinking {unknown}
 i - 8 scrolls of identify {unknown}
 l - 2 scrolls of enchant weapon {unknown}
 m - 3 scrolls of magic mapping {unknown}
 p - 2 scrolls of enchant armour {unknown}
 q - 2 scrolls of fog {unknown}
 s - a scroll of amnesia {unknown}
 v - 2 scrolls of teleportation {unknown}
 w - 5 scrolls of remove curse {unknown}
 C - a scroll of silence {unknown}
Potions
 b - a potion of resistance {unknown}
 d - 4 potions of degeneration {unknown}
 e - 2 potions of might {unknown}
 h - 2 potions of brilliance {unknown}
 k - 2 potions of lignification {unknown}
 o - 4 potions of heal wounds {unknown}
 r - a potion of berserk rage {unknown}
 t - a potion of curing {unknown}
 B - a potion of agility
Comestibles
 c - 14 rations


   Skills:
 + Level 7.0 Fighting
 + Level 9.1 Long Blades
 + Level 7.1 Armour
 + Level 4.8 Dodging
 + Level 0.8 Stealth


You had 7 spell levels left.
You didn't know any spells.

Dungeon Overview and Level Annotations

Branches:
Dungeon (8/15)             Temple (1/1) D:7
   Lair: D:8-11

Altars:
Ashenzari
Cheibriados
Elyvilon
Gozag
Hepliaklqana
Makhleb
Nemelex Xobeh
Okawaru
Ru
Trog
Uskayaw
Vehumet
Wu Jian
Xom
Yredelemnul
Zin
The Shining One

Annotations:
D:8 Erica


Innate Abilities, Weirdness & Mutations

You reflexively headbutt those who attack you in melee.
You have a pair of horns on your head.


Message History

Erica is almost dead.
You feel sick.
Erica gestures wildly while chanting.
Erica flickers and vanishes!
Deactivating autopickup; reactivate with Ctrl-A.
You barely miss something. You headbutt something.
You feel sick. Something hits you. Something burns you.
Something hits you but does no damage.
You closely miss something.
You feel sick.
You hear some strange, mumbled words.
Something tries to affect you, but you resist.
You miss something.
You hear some strange, mumbled words.
An orb of energy appears from out of thin air!
The orb of energy hits you!
* * * LOW HITPOINT WARNING * * *
You hear some strange, mumbled words.
You feel as though you will be slow longer.
You barely miss something. You headbutt something.
You feel sick. Something hits you.
You die...

#...#....#
..
#...####.#
#.
#...#<...#
#.
#...######
#.#
#..........
#..
#..########
######.##..#
....(......#
######@##.#
#{##.#
#..#.#
##.#.# ...#
...# ...
...#


There were no monsters in sight!

Vanquished Creatures
  Sigmund (D:5)
  Duvessa (D:4)
  An orc warrior (D:6)
  Purgy (D:3)
  An ogre (D:7)
  A centaur (D:7)
  A necrophage (D:5)
  A gnoll sergeant (D:7)
  A bullfrog (D:6)
  Dowan (D:4)
  2 howler monkeys
  A crimson imp (D:7)
  A hound (D:4)
  Crazy Yiuf (D:4)
  2 centaur skeletons
  An orc wizard (D:3)
  3 orc priests
  A bullfrog skeleton (D:6)
  3 worker ants
  Natasha (D:4)
  A hound zombie (D:7)
  A hound skeleton (D:6)
  8 gnolls
  10 adders
  2 adder skeletons (D:4)
  An adder zombie (D:5)
  2 worms
  2 dart slugs (D:3)
  5 leopard geckos
  24 orcs
  2 ball pythons
  6 bats
  10 giant cockroaches
  6 goblins
  6 hobgoblins
  8 jackals
  4 kobolds
  5 quokkas
  4 frilled lizards
  2 leopard gecko zombies
  8 rats
143 creatures vanquished.

Notes
Turn   | Place    | Note
-------+----------+-------------------------------------------
     0 | D:1      | Lentor the Minotaur Berserker began the quest for the Orb.
     0 | D:1      | Reached XP level 1. HP: 19/19 MP: 0/0
   222 | D:1      | Reached skill level 4 in Long Blades
   222 | D:1      | Reached XP level 2. HP: 24/27 MP: 1/1
   657 | D:1      | Reached XP level 3. HP: 31/33 MP: 2/2
  1017 | D:2      | Found a shattered altar of Ashenzari.
  1067 | D:2      | Reached ** piety under Trog
  1240 | D:2      | Found a sparkling altar of Nemelex Xobeh.
  1502 | D:2      | Reached XP level 4. HP: 41/41 MP: 3/3
  1541 | D:2      | Found a white marble altar of Elyvilon.
  1734 | D:3      | Found a hide-covered altar of Uskayaw.
  1767 | D:3      | Reached skill level 5 in Long Blades
  1989 | D:3      | Reached XP level 5. HP: 22/47 MP: 4/4
  2658 | D:3      | Noticed Purgy
  2670 | D:3      | Killed Purgy
  2670 | D:3      | Reached *** piety under Trog
  2670 | D:3      | Reached skill level 5 in Fighting
  2670 | D:3      | Reached XP level 6. HP: 56/56 MP: 5/5
  2963 | D:4      | Noticed Duvessa
  2963 | D:4      | Noticed Dowan
  2971 | D:4      | Killed Duvessa
  2971 | D:4      | Reached skill level 6 in Long Blades
  2973 | D:4      | Killed Dowan
  3047 | D:4      | Noticed Natasha
  3055 | D:4      | Killed Natasha
  3055 | D:4      | Reached XP level 7. HP: 50/61 MP: 6/6
  3422 | D:4      | Found a burning altar of Makhleb.
  3424 | D:4      | Noticed a balrug
  3467 | D:4      | Noticed an orange demon
  3467 | D:4      | Noticed a hellwing
  3500 | D:4      | Reached skill level 7 in Long Blades
  3625 | D:4      | Found a runed door.
  3729 | D:4      | Found a glowing silver altar of Zin.
  3835 | D:4      | Noticed Crazy Yiuf
  3839 | D:4      | Killed Crazy Yiuf
  3885 | D:5      | Entered Level 5 of the Dungeon
  3885 | D:5      | Found a burning altar of Makhleb.
  4032 | D:5      | Found an opulent altar of Gozag.
  4089 | D:5      | Reached **** piety under Trog
  4089 | D:5      | Reached skill level 5 in Armour
  4222 | D:5      | Noticed Sigmund
  4236 | D:5      | Killed Sigmund
  4488 | D:5      | Reached XP level 8. HP: 67/70 MP: 7/7
  4722 | D:6      | Reached skill level 8 in Long Blades
  5628 | D:7      | Found a staircase to the Ecumenical Temple.
  5634 | Temple   | Entered the Ecumenical Temple
  5801 | D:7      | Reached skill level 9 in Long Blades
  6321 | D:8      | Noticed Erica
  6336 | D:8      | HP: 3/73 [something/orb of energy (28)]
  6337 | D:8      | Slain by Erica

Skill      XL: |  1  2  3  4  5  6  7  8 |
---------------+-------------------------+-----
Long Blades    | 4 5 6 7 9 |  9.1
Fighting       | 4 5 6 7 |  7.0
Dodging        | 3 4 |  4.8
Armour         | 3 4 5 7 |  7.1
Stealth        | |  0.8

Action                   |  1- 3 |  4- 6 |  7- 9 || total
-------------------------+-------+-------+-------++-------
Melee: Falchion          |    54 |   122 |   168 ||   344
       Headbutt          |     8 |    30 |    39 ||    77
       Long sword        |       |       |    32 ||    32
Invok: Berserk           |       |     2 |     3 ||     5
       Burn Spellbooks   |       |       |     1 ||     1
  Eat: Chunk             |     1 |     7 |    12 ||    20
Armor: Ring mail         |    21 |    47 |    27 ||    95
       Animal skin       |     1 |       |       ||     1
       Plate armour      |       |       |    63 ||    63
Dodge: Dodged            |    38 |    62 |    88 ||   188
Block: Shield            |       |       |    10 ||    10
       Rpst.: Falchion   |    10 |    14 |    19 ||    43
       Long sword        |       |       |     3 ||     3
